 Dungeon Crawl Stone Soup version 0.22.0 (webtiles) character file.

13237 Kirk the Geomancer (level 12, -5/74 HPs)
             Began as a Formicid Earth Elementalist on Aug 12, 2018.
             Was an Elder of Vehumet.
             Slain by a spiny frog (14 damage)
             ... on level 1 of the Lair of Beasts.
             The game lasted 00:34:15 (12785 turns).

Kirk the Geomancer (Formicid Earth Elementalist)   Turns: 12785, Time: 00:34:16

Health: -5/74      AC: 12    Str: 17    XL:     12   Next: 30%
Magic:  22/30      EV: 12    Int: 25    God:    Vehumet [****..]
Gold:   157        SH:  0    Dex: 11    Spells: 17/35 levels left

rFire    . . .     SeeInvis +   y - +12 whip of Discord {slash, -Tele rElec Str+3 Int+3}
rCold    . . .     Gourm    .   (no shield)
rNeg     . . .     Faith    .   u - +2 robe of Wu Jian's Generosity {Int+3}
rPois    +         Spirit   .   (helmet unavailable)
rElec    +         Reflect  .   p - +1 cloak
rCorr    .         Harm     .   (no gloves)
MR       +....                  (no boots)
Stlth    ++........             n - amulet of the acrobat
HPRegen  0.22/turn              r - +3 ring of protection
MPRegen  0.22/turn              D - ring of poison resistance

@: no status effects
A: permanent stasis, dig shafts and tunnels, four strong arms, antennae 3,
iridescent scales 1, blurry vision 1, high mp 1, shaggy fur 1, MP-powered wands
a: Dig, Shaft Self, Renounce Religion


You were on level 1 of the Lair of Beasts.
You worshipped Vehumet.
Vehumet was greatly pleased with you.
You were not hungry.

You visited 3 branches of the dungeon, and saw 13 of its levels.

You collected 646 gold pieces.
You spent 489 gold pieces at shops.

Inventory:

Hand Weapons
 y - the +12 whip of Discord (weapon) {slash, -Tele rElec Str+3 Int+3}
   (You bought it in a shop on level 5 of the Dungeon)

   It inflicts extra damage upon your enemies.
   It affects your strength (+3).
   It affects your intelligence (+3).
   It insulates you from electricity.
   It prevents most forms of teleportation.
Missiles
 f - 101 stones (quivered)
 E - 2 throwing nets
Armour
 p - a +1 cloak (worn)
 q - a +0 shield
 s - a +0 large shield
 u - the +2 robe of Wu Jian's Generosity (worn) {Int+3}
   (You bought it in a shop on level 10 of the Dungeon)

   It affects your intelligence (+3).
Jewellery
 c - an uncursed ring of magical power
 n - an amulet of the acrobat (around neck)
 r - a +3 ring of protection (left hand)
 D - a ring of poison resistance (right hand)
Wands
 h - a wand of random effects (89)
 t - a wand of flame (27)
 v - a wand of paralysis (8)
 w - a wand of acid (14)
 x - a wand of polymorph (4)
 F - a wand of clouds (8)
Scrolls
 a - 3 scrolls of identify
 z - 4 scrolls of remove curse
 A - 3 scrolls of enchant armour
 C - a scroll of fog
Potions
 b - a potion of heal wounds
 e - 3 potions of curing
 g - 2 potions of flight
 i - a potion of cancellation
 j - a potion of agility
 k - a potion of brilliance
 l - 2 potions of mutation
 m - 2 potions of ambrosia
 B - 2 potions of resistance
 H - a potion of might
Comestibles
 d - 19 rations
 o - a chunk of flesh


   Skills:
 + Level 7.6 Maces & Flails
 - Level 1.7 Dodging
 - Level 2.4 Stealth
 + Level 12.1 Spellcasting
 * Level 5.7 Conjurations
 - Level 1.1 Transmutations
 + Level 13.0 Earth Magic


You had 17 spell levels left.
You knew the following spells:

 Your Spells              Type           Power        Failure   Level  Hunger
a - Sandblast             Erth           ######       0%          1    None
b - Passwall              Tmut/Erth      ######..     1%          2    None
c - Stone Arrow           Conj/Erth      ######       1%          3    None
d - Lee's Rapid Deconstr  Erth           ######....   1%          5    ###....
e - Mephitic Cloud        Conj/Pois/Air  ###.....     1%          3    None
f - Petrify               Tmut/Erth      ######..     2%          4    None

Your spell library contained the following spells:

 Spells                   Type           Power        Failure   Level  Hunger
 Cause Fear               Hex            ###.......   36%         4    None
 Magic Dart               Conj           ####         1%          1    None
 Conjure Flame            Conj/Fire      ####....     1%          3    None
 Slow                     Hex            ###.....     6%          2    None
 Confuse                  Hex            ###.....     12%         3    None
 Blink                    Tloc           N/A          6%          2    None
 Call Imp                 Summ           ###.....     6%          2    None
 Tukima's Dance           Hex            ###.....     12%         3    None
 Ensorcelled Hibernation  Hex/Ice        ###...       6%          2    None
 Corona                   Hex            ###....      4%          1    None
 Portal Projectile        Hex/Tloc       ###...       12%         3    None
 Leda's Liquefaction      Hex/Erth       #####.....   2%          4    None
 Inner Flame              Hex/Fire       ###.....     3%          3    None
 Dazzling Spray           Conj/Hex       ####..       1%          3    None


Dungeon Overview and Level Annotations

Branches:
Dungeon (11/15)            Temple (1/1) D:5            Lair (1/6) D:9
    Orc (0/2) D:10

Altars:
Ashenzari
Cheibriados
Dithmenos
Elyvilon
Fedhas
Gozag
Hepliaklqana
Kikubaaqudgha
Makhleb
Nemelex Xobeh
Okawaru
Qazlal
Ru
Sif Muna
Trog
Uskayaw
Vehumet
Wu Jian
Xom
Yredelemnul
Zin
The Shining One

Shops:
D:5 =:(   D:7 =   D:10 *%}=[


Innate Abilities, Weirdness & Mutations

You cannot be hasted, slowed, berserked, paralysed or teleported.
You can dig through walls and to a lower floor.
Your four strong arms can wield two-handed weapons with a shield.
You have a pair of large antennae on your head. (SInv)
You are partially covered in iridescent scales. (AC +2)
Scrolls take you a little longer to read.
You have an increased reservoir of magic. (+10% MP)
You are covered in fur. (AC +1)
You expend magic power (3 MP) to strengthen your wands.


Message History

Casting: Sandblast (safe; 0% risk of failure)
Confirm with . or Enter, or press ? or * to list all spells.
Aiming: Sandblast (safe; 0% risk of failure)
Press: ? - help, Shift-Dir - straight line, f/p - spiny frog
Aim: a spiny frog (severely wounded)
The blast of sand hits the spiny frog.
The spiny frog is almost dead.
f - 102 stones The spiny frog stings you!!
* * * LOW HITPOINT WARNING * * *
Casting: Sandblast (safe; 0% risk of failure)
Confirm with . or Enter, or press ? or * to list all spells.
Aiming: Sandblast (safe; 0% risk of failure)
Press: ? - help, Shift-Dir - straight line, f/p - spiny frog
Aim: a spiny frog (almost dead)
The blast of sand hits the spiny frog.
The spiny frog is almost dead.
f - 101 stones The spiny frog stings you!
You die...

##P..#....#
#...##....##
###..####....#
####....#
#....##
#...#...#
###...#
..###..##
#...###
.####..#
##...P#
.......##
##..##
........##
#@..#
รท........#
#..F#..#
.........#
#... ...#
........#
#.... ...#
........#
#.... ....#
........#
#.... ....#
.......# .....
..... .#.....#
...... ......
###...#.#


You could see a spiny frog.

Vanquished Creatures
  A two-headed ogre (D:11)
  A tengu warrior (D:11)
  A phantasmal warrior (D:11)
  An ugly thing (D:11)
  A cyclops (D:11)
  Joseph (D:6)
  A centaur skeleton (D:11)
  2 hippogriffs
  A shadow (D:11)
  Eustachio (D:6)
  Sigmund (D:2)
  23 yaks
  A basilisk (D:9)
  2 hungry ghosts
  Duvessa (D:7)
  A water moccasin (D:11)
  4 porcupines
  6 orc warriors
  An ice beast (D:8)
  3 black bears
  2 necrophages
  2 ogres
  2 wolves (D:9)
  4 centaurs
  5 crocodiles
  A big kobold (D:10)
  9 bullfrogs
  Dowan (D:7)
  4 scorpions
  A water moccasin skeleton (D:7)
  3 killer bees (D:11)
  5 wights (D:10)
  A vampire bat (D:3)
  An electric eel (D:11)
  5 crimson imps
  2 quasits
  5 orc priests
  2 hounds
  Crazy Yiuf (D:2)
  A jelly (D:11)
  A bullfrog skeleton (D:8)
  Jessica (D:2)
  13 orc wizards
  5 iguanas
  5 worker ants
  A killer bee zombie (D:9)
  2 hound skeletons
  2 worker ant zombies
  4 gnolls (D:11)
  10 adders
  4 shadow imps
  3 oozes
  An adder skeleton (D:5)
  2 worms (D:2)
  A dart slug (D:2)
  3 fire bats (D:3)
  10 leopard geckos
  42 orcs
  2 spectral bats (D:3)
  A ball python (D:5)
  3 bat skeletons (D:3)
  A bat zombie (D:3)
  11 giant cockroaches
  7 goblins
  11 hobgoblins
  18 jackals
  5 quokkas
  14 bats
  A bat simulacrum (D:3)
  2 frilled lizards
  A jackal skeleton (D:4)
  14 kobolds
  2 leopard gecko skeletons
  2 quokka skeletons
  7 rats
323 creatures vanquished.

Vanquished Creatures (others)
  A fungus (D:9)
1 creature vanquished.

Grand Total: 324 creatures vanquished

Notes
Turn   | Place    | Note
-------+----------+-------------------------------------------
     0 | D:1      | Kirk the Formicid Earth Elementalist began the quest for the Orb.
     0 | D:1      | Reached XP level 1. HP: 13/13 MP: 3/3
   159 | D:1      | Reached skill level 4 in Earth Magic
   171 | D:1      | Reached XP level 2. HP: 19/19 MP: 0/5
   752 | D:1      | Reached XP level 3. HP: 23/24 MP: 1/7
  1075 | D:2      | Reached XP level 4. HP: 30/30 MP: 6/8
  1135 | D:2      | Found a glowing silver altar of Zin.
  1143 | D:2      | Noticed Sigmund
  1150 | D:2      | Killed Sigmund
  1150 | D:2      | Reached skill level 1 in Maces & Flails
  1150 | D:2      | Reached skill level 5 in Earth Magic
  1150 | D:2      | Reached XP level 5. HP: 35/35 MP: 2/11
  1150 | D:2      | Reached XP level 6. HP: 41/41 MP: 2/12
  1503 | D:2      | Learned a level 2 spell: Passwall
  1507 | D:2      | Learned a level 3 spell: Stone Arrow
  1901 | D:2      | Found a deep blue altar of Sif Muna.
  2104 | D:2      | Noticed Jessica
  2107 | D:2      | Killed Jessica
  2281 | D:2      | Found a runed door.
  2285 | D:2      | Noticed Crazy Yiuf
  2589 | D:2      | Killed Crazy Yiuf
  2589 | D:2      | Reached skill level 6 in Earth Magic
  2697 | D:3      | Gained mutation: Armour fits poorly on your strangely shaped body. [potion of mutation]
  2697 | D:3      | Gained mutation: You expend magic power (3 MP) to strengthen your wands. [potion of mutation]
  2697 | D:3      | Gained mutation: You are partially covered in iridescent scales. (AC +2) [potion of mutation]
  2943 | D:3      | Reached skill level 5 in Spellcasting
  2943 | D:3      | Reached XP level 7. HP: 46/46 MP: 3/14
  2954 | D:3      | Reached skill level 1 in Conjurations
  3591 | D:3      | Lost mutation: Armour fits poorly on your strangely shaped body. [potion of mutation]
  3591 | D:3      | Gained mutation: Scrolls take you a little longer to read. [potion of mutation]
  3591 | D:3      | Gained mutation: You have an increased reservoir of magic. (+10% MP) [potion of mutation]
  3591 | D:3      | Gained mutation: You are covered in fur. (AC +1) [potion of mutation]
  3607 | D:3      | Found an opulent altar of Gozag.
  4150 | D:4      | Found a blossoming altar of Fedhas.
  4401 | D:4      | Reached XP level 8. HP: 49/52 MP: 10/17
  4637 | D:5      | Entered Level 5 of the Dungeon
  4645 | D:5      | Reached skill level 7 in Earth Magic
  4857 | D:5      | Found Lyolab's Book Shop.
  4868 | D:5      | Found Kauluit's Jewellery Emporium.
  4946 | D:5      | Noticed a dagger
  4946 | D:5      | Noticed a dagger
  4950 | D:5      | Found a hide-covered altar of Uskayaw.
  5086 | D:5      | Found Ymmudgh's Antique Weapon Shop.
  5094 | D:5      | Bought a bone whip for 217 gold pieces
  5106 | D:5      | Found a staircase to the Ecumenical Temple.
  5109 | D:5      | Identified the +12 whip of Discord {slash, -Tele rElec Str+3 Int+3} (You bought it in a shop on level 5 of the Dungeon)
  5122 | Temple   | Entered the Ecumenical Temple
  5163 | Temple   | Became a worshipper of Vehumet
  5610 | D:5      | Found an ancient bone altar of Kikubaaqudgha.
  5771 | D:6      | Noticed Eustachio
  5779 | D:6      | Killed Eustachio
  5915 | D:6      | Reached skill level 5 in Maces & Flails
  5915 | D:6      | Reached XP level 9. HP: 51/57 MP: 20/20
  6330 | D:6      | Got a slimy hat
  6526 | D:7      | Reached * piety under Vehumet
  6526 | D:7      | Offered knowledge of Magic Dart by Vehumet.
  6528 | D:7      | Noticed Joseph
  6819 | D:6      | Learned a level 5 spell: Lee's Rapid Deconstruction
  6837 | D:6      | Killed Joseph
  6837 | D:6      | Reached skill level 8 in Earth Magic
  7237 | D:7      | Noticed Dowan
  7242 | D:7      | Noticed Duvessa
  7252 | D:7      | Found Efiddao's Jewellery Boutique.
  7258 | D:7      | Killed Dowan
  7407 | D:7      | Found a stormy altar of Qazlal.
  7467 | D:7      | Found an iron altar of Okawaru.
  7522 | D:7      | Killed Duvessa
  7527 | D:7      | Reached skill level 9 in Earth Magic
  7527 | D:7      | Reached XP level 10. HP: 21/63 MP: 5/24
  8007 | D:8      | Offered knowledge of Freeze by Vehumet.
  8101 | D:8      | Reached ** piety under Vehumet
  8237 | D:8      | Found a shadowy altar of Dithmenos.
  8239 | D:8      | Found a sparkling altar of Nemelex Xobeh.
  8513 | D:9      | Reached skill level 10 in Earth Magic
  8877 | D:8      | Reached skill level 11 in Earth Magic
  9110 | D:9      | Reached XP level 11. HP: 43/67 MP: 24/27
  9171 | D:9      | Reached skill level 10 in Spellcasting
  9171 | D:9      | Offered knowledge of Mephitic Cloud by Vehumet.
  9286 | D:9      | Found a staircase to the Lair.
  9358 | D:9      | Reached *** piety under Vehumet
  9935 | D:9      | Learned a level 3 spell: Mephitic Cloud
  9936 | D:10     | Entered Level 10 of the Dungeon
 10028 | D:10     | Found a staircase to the Orcish Mines.
 10040 | D:10     | Reached skill level 12 in Earth Magic
 10041 | D:10     | Offered knowledge of Static Discharge by Vehumet.
 10687 | D:10     | Found Fukop's Assorted Antiques.
 10715 | D:10     | Bought a potion of curing for 78 gold pieces
 10715 | D:10     | Bought a black potion for 23 gold pieces
 10715 | D:10     | Bought a scroll of identify for 52 gold pieces
 10724 | D:10     | Found Syafuc's Jewellery Shop.
 10726 | D:10     | Found Bashriat's Food Shop.
 10746 | D:10     | Found Woeschic's Antique Armour Shop.
 10747 | D:10     | Found Memutaw's Gadget Shop.
 10750 | D:10     | Found a radiant altar of Vehumet.
 10754 | D:10     | Bought a heavily jewelled robe for 119 gold pieces
 10772 | D:10     | Identified the +2 robe of Wu Jian's Generosity {Int+3} (You bought it in a shop on level 10 of the Dungeon)
 11236 | D:10     | Learned a level 4 spell: Petrify
 11428 | D:11     | Noticed a cyclops
 11444 | D:11     | Killed a cyclops
 11524 | D:11     | Reached skill level 5 in Conjurations
 11530 | D:11     | Reached **** piety under Vehumet
 11574 | D:11     | Noticed a two-headed ogre
 11578 | D:11     | Killed a two-headed ogre
 11578 | D:11     | Reached XP level 12. HP: 74/74 MP: 18/30
 11789 | D:11     | HP: 2/74 [phantasmal warrior (30)]
 12260 | D:11     | Noticed a tengu warrior
 12271 | D:11     | Killed a tengu warrior
 12374 | D:11     | Reached skill level 13 in Earth Magic
 12723 | Lair:1   | Entered Level 1 of the Lair of Beasts
 12785 | Lair:1   | Slain by a spiny frog

Skill      XL: |  1  2  3  4  5  6  7  8  9 10 11 12 |
---------------+-------------------------------------+-----
Earth Magic    | 4 5 6 7 9 11 12 13 | 13.0
Spellcasting   | 3 4 5 6 7 9 11 12 | 12.1
Maces & Flails | 1 3 5 6 7 |  7.6
Conjurations   | 1 2 3 5 |  5.7
Dodging        | |  1.7
Stealth        | |  2.4
Transmutations | |  1.1

Action                   |  1- 3 |  4- 6 |  7- 9 | 10-12 || total
-------------------------+-------+-------+-------+-------++-------
Melee: Unarmed           |     3 |       |       |       ||     3
       Club              |    20 |   116 |       |       ||   136
       Mace              |       |    29 |   103 |       ||   132
       Whip              |       |       |    69 |   168 ||   237
 Cast: Sandblast         |    29 |    14 |    44 |   138 ||   225
       Stone Arrow       |       |    39 |    64 |    69 ||   172
       Lee's Rapid Decon |       |       |     1 |     8 ||     9
Evoke: Wand              |       |     3 |       |       ||     3
  Use: Scroll            |     3 |     6 |     4 |     9 ||    22
       Potion            |       |     1 |     3 |     2 ||     6
 Stab: Sleeping          |       |     1 |     8 |     2 ||    11
  Eat: Chunk             |     1 |     5 |    14 |    13 ||    33
       Ration            |       |     1 |     1 |     2 ||     4
Armor: Robe              |     6 |    42 |    93 |    85 ||   226
Dodge: Dodged            |    21 |   134 |   180 |   144 ||   479
